 Dungeon Crawl Stone Soup version 0.10.4 character file.

2834 MisterOstroum the Skirmisher (level 9, -2/74 HPs)
             Began as a Centaur Monk on Oct 1, 2019.
             Was a Believer of Trog.
             Burnt to a crisp (10 damage)
             ... on Level 6 of the Dungeon on Oct 2, 2019.
             The game lasted 01:13:36 (8299 turns).

MisterOstroum the Skirmisher (Centaur Monk)         Turns: 8299, Time: 01:13:36

HP  -2/74        AC  9     Str 13 (16) XL: 9   Next: 37%
MP   6/6         EV  9     Int 10      God: Trog [**....]
Gold 192         SH  0     Dex 10 (13) Spells:  0 memorised,  8 levels left

Res.Fire  : . . .   See Invis. : .   h - +0 halberd
Res.Cold  : . . .   Warding    : . . E - +2 orc leather armour
Life Prot.: . . .   Conserve   : .   (no shield)
Res.Acid. : . . .   Res.Corr.  : .   M - +0 winged helmet
Res.Poison: .       Clarity    : .   j - +0 cloak
Res.Elec. : .       Spirit.Shd : .   u - +0 pair of bracers {archer}
Sust.Abil.: . .     Stasis     : .   (no barding)
Res.Mut.  : .       Ctrl.Telep.: .   (no amulet)
Res.Rott. : .       Levitation : .   (no ring)
Saprovore : . . .   Ctrl.Flight: .   r - ring of wizardry

@: liquid flames, exhausted, quite poisoned, slowed, glowing, slightly resistant
to hostile enchantments, extremely unstealthy
A: hooves 3, deformed body, deterioration 2, herbivore 1, speed 2, fast
metabolism 1, tough skin 3, Int +1
a: Burn Spellbooks, Berserk, Trog's Hand, Renounce Religion


You were on level 6 of the Dungeon.
You worshipped Trog.
Trog was greatly pleased with you.
You were not hungry.

You visited 2 branches of the dungeon, and saw 8 of its levels.

You collected 297 gold pieces.
You spent 105 gold pieces at shops.

Inventory:

Hand weapons
 a - a +1,+1 orcish dagger of venom {!f}
 b - a +1,+0 sabre
 h - a +0,+0 halberd (weapon)
 m - a +0,+1 orcish dagger
 o - a +0,+0 orcish dagger
 w - a +2,+2 orcish spear
 x - a -1,+0 orcish glaive
 z - a +1,+0 elven dagger
 A - a -1,+0 orcish dagger
 B - a -1,+1 orcish dagger
 D - a -1,+1 orcish dagger
 F - a +1,+2 orcish flail
 G - a +1,+1 orcish dagger
 I - a -1,+1 orcish dagger
 J - a +1,+0 orcish dagger (quivered)
 L - a +0,+0 dagger
 R - a +0,+1 orcish dagger
 S - a +1,+0 elven dagger
 T - a +4,+1 spear of venom
Missiles
 t - 19 +0 arrows
 U - 18 +0 sling bullets
 Y - 2 silver +0 javelins
 Z - 105 +0 stones
Armour
 j - a +0 cloak (worn)
 l - a +2 robe
 u - a +0 pair of bracers of archery (worn)
 E - a +2 orcish leather armour (worn)
 M - a +0 winged helmet (worn)
 V - a +0 scale mail
Magical devices
 P - a wand of hasting (5) {unknown}
Scrolls
 f - a scroll of remove curse {unknown}
 k - a scroll of blinking {unknown}
 p - a scroll of detect curse {unknown}
 Q - a scroll of fear {unknown}
Jewellery
 r - a ring of wizardry (left hand)
Potions
 c - a potion of resistance {unknown}
 d - a potion of might {unknown}
 i - 3 potions of heal wounds {@q2 !q}
 q - a potion of restore abilities {unknown}
 s - 2 potions of magic {unknown}
 v - 2 potions of curing {@q1 !q}
 C - 2 potions of berserk rage {unknown}
 H - a potion of mutation {unknown}
 K - a potion of brilliance {unknown}
 O - a potion of agility {@q5 !q}


   Skills:
 + Level 7.5 Fighting
 + Level 5.7 Short Blades
 - Level 7.1 Throwing
 + Level 2.6 Dodging
 - Level 1.2 Stealth
 - Level 3.0 Traps & Doors
 - Level 4.0 Unarmed Combat
 + Level 1.6 Evocations


You had 8 spell levels left.
You didn't know any spells.

Dungeon Overview and Level Annotations

Branches:
Dungeon (7/27)             Temple (1/1) D:5             Orc (0/4) D:6

Altars:
Ashenzari
Elyvilon
Fedhas
Kikubaaqudgha
Nemelex Xobeh
Sif Muna
The Shining One
Trog
Vehumet
Xom
Zin

Shops:
D:4: ?!/(!

Annotations
D:2 16 exclusions


Innate Abilities, Weirdness & Mutations

You have hooves in place of feet.
Armour fits poorly on your strangely shaped body.
You digest meat inefficiently.
You cover ground very quickly.
You have a fast metabolism.
You have extremely tough skin (AC +3).
Your mind is acute (Int +1).
Your body is deteriorating.


Message History

The gnoll sergeant hits you but does no damage.
Drink which item? (? for menu, Esc to quit)
Really quaff
v - 3 potions of curing {@q1 !q}?
You feel better. The gnoll sergeant closely misses you.
The gnoll sergeant barely misses you.
You kill the gnoll sergeant!
Trog accepts your kill.
Things that are here:
a spear of venom; a scale mail
There are several objects here.
Pick up a spear of venom? ((y)es/(n)o/(a)ll/(m)enu/*?g,/q)
T - a spear of venom Pick up a scale mail? ((y)es/(n)o/(a)ll/(m)enu/*?g,/q)
Okay, then.
V - a scale mail
There is a stone staircase leading up, spattered with blood here.
Eat which item? (? for menu, Esc to quit)
You continue eating.
You finish eating.
That bread ration really hit the spot!
You start resting.
You start resting.
Wield which item (- for none, * to show all)? (? for menu, Esc to quit)
Your +1,+1 orcish dagger of venom {!f} stops dripping with poison.
h - an uncursed halberd (weapon)
MordorOrchid's ghost turns its malevolent gaze towards you.
Attack whom?
Press: ? - help, Dir - move target cursor, f - you Use which ability? (? or * to list)
A red film seems to cover your vision as you go berserk!
You feel yourself moving faster!
You feel mighty!
You feel somewhat more hungry.
Attack whom?
Press: ? - help, Dir - move target cursor, f - MordorOrchid's ghost
Aim: MordorOrchid's ghost You reach to attack!
You closely miss MordorOrchid's ghost.
MordorOrchid's ghost lets out a mournful wail.
MordorOrchid's ghost casts a spell at you.
The puff of flame hits you!
Attack whom?
Press: ? - help, Dir - move target cursor, f/p - MordorOrchid's ghost
Aim: MordorOrchid's ghost You reach to attack!
You closely miss MordorOrchid's ghost.
Attack whom?
Press: ? - help, Dir - move target cursor, f/p - MordorOrchid's ghost
Aim: MordorOrchid's ghost You closely miss MordorOrchid's ghost.
Your kick misses MordorOrchid's ghost. MordorOrchid's ghost hits you.
You are poisoned.
You barely miss MordorOrchid's ghost. MordorOrchid's ghost hits you.
You are more poisoned.
You barely miss MordorOrchid's ghost.
You feel sick. MordorOrchid's ghost hits you.
You are more poisoned.
You barely miss MordorOrchid's ghost. You kick MordorOrchid's ghost!!
MordorOrchid's ghost is heavily damaged.
You feel sick. MordorOrchid's ghost hits you.
You puncture MordorOrchid's ghost!
MordorOrchid's ghost is severely damaged.
You feel sick.
MordorOrchid's ghost hits you but does no damage.
MordorOrchid's ghost casts a spell at you.
The sticky flame hits you!
You are covered in liquid flames!
You miss MordorOrchid's ghost.
MordorOrchid's ghost is severely damaged.
You are covered in liquid flames!
* * * LOW HITPOINT WARNING * * *
You feel very sick.
You feel a little better.
MordorOrchid's ghost closely misses you.
You slice MordorOrchid's ghost!!
You destroy MordorOrchid's ghost!
Trog appreciates your killing of a magic user.
Your Evocations skill increases to level 1!
You are covered in liquid flames!
Your scroll labeled XEOSYO NOUDD catches fire!
Your scroll labeled CAGAEB NONOK catches fire!
* * * LOW HITPOINT WARNING * * *
You feel sick.
You are covered in liquid flames!
Your scroll labeled CHUUL MUUBRIH catches fire!
* * * LOW HITPOINT WARNING * * *
You feel sick.
There is a stone staircase leading up, spattered with blood here.
You are too berserk!
You start resting.
You feel a strong urge to attack something.
You are covered in liquid flames!
* * * LOW HITPOINT WARNING * * *
You feel sick.
You feel a little better.
You are covered in liquid flames!
* * * LOW HITPOINT WARNING * * *
You are no longer berserk.
Trog's vigour flows through your veins.
You are exhausted.
You feel yourself slow down.
You climb upwards.
You are covered in liquid flames!
Your scroll labeled RIUKOUN KILU {tried on +0 winged helmet} catches fire!
You die...

#.....# #.#....#..# #......
#.....# #.#....#..# #......
##.....# #.######..#######......
.......# #..............[..>....
.......# #...................###
####...####...................#
#..........................#
#...........#####'####.....#
#...........#@).[....#.....#
#....#####..#[[......#.....#
####....#...#..#..).....#.....#
........#...#..#........#.....#
........#...#..#........#.....###
#####...#...#..'.....%..#........
#...#...#..#........#........
#...#...#..#........#........
#...#'###..#+########........


There were no monsters in sight!

Vanquished Creatures
  The ghost of MordorOrchid the Ruinous, an experienced OpFE of Sif Muna (D:7)
  The ghost of MordorOrchid the Firebug, an average OpFE (D:5)
  Eustachio (D:6)
  The ghost of MisterOstroum the Ruffian, an average CeMo of Okawaru (D:3)
  2 ogres (D:6)
  4 orc warriors
  A sky beast (D:5)
  Sigmund (D:6)
  A giant frog (D:6)
  A gnoll sergeant (D:7)
  3 wights (D:6)
  2 crimson imps
  A big kobold skeleton (D:6)
  An iguana (D:4)
  3 orc priests
  7 orc wizards
  4 worker ants
  A worker ant zombie (D:6)
  A worm zombie (D:1)
  Ijyb (D:3)
  A jelly (D:5)
  6 adders
  6 gnolls (D:6)
  An iguana zombie (D:5)
  2 giant mites
  5 worms
  A bat skeleton (D:5)
  6 giant geckos
  2 oozes
  20 orcs
  4 giant cockroaches
  9 hobgoblins
  5 jackals
  13 kobolds
  5 quokkas
  A ball python (D:1)
  A ball python skeleton (D:4)
  7 bats
  6 giant newts
  11 goblins
  A hobgoblin skeleton (D:6)
  An orc zombie (D:6)
  10 rats
  7 toadstools
169 creatures vanquished.

Vanquished Creatures (others)
  A rat (D:6)
  7 toadstools
8 creatures vanquished.

Grand Total: 177 creatures vanquished

Notes
Turn   | Place    | Note
--------------------------------------------------------------
     0 | D:1      | MisterOstroum, the Centaur Monk, began the quest for the Orb.
     0 | D:1      | Reached XP level 1. HP: 17/17 MP: 0/0
     6 | D:1      | Noticed a worm zombie
    15 | D:1      | Killed a worm zombie
    15 | D:1      | Reached XP level 2. HP: 22/24 MP: 1/1
   205 | D:1      | Reached XP level 3. HP: 25/30 MP: 2/2
   909 | D:2      | Noticed a giant goldfish zombie
   915 | D:2      | Noticed a giant goldfish zombie
   925 | D:2      | Found an ancient bone altar of Kikubaaqudgha.
  1057 | D:2      | Found a white marble altar of Elyvilon.
  1201 | D:3      | Noticed MisterOstroum's ghost (average CeMo)
  1341 | D:3      | Reached XP level 4. HP: 22/37 MP: 2/2
  1501 | D:3      | Noticed Ijyb
  1560 | D:3      | Killed MisterOstroum's ghost
  1560 | D:3      | Reached skill level 6 in Throwing
  1560 | D:3      | Reached XP level 5. HP: 27/42 MP: 3/3
  1774 | D:3      | Killed Ijyb
  1795 | D:3      | Reached skill level 7 in Throwing
  2213 | D:3      | Reached XP level 6. HP: 39/50 MP: 4/4
  2285 | D:3      | Found a deep blue altar of Sif Muna.
  2747 | D:4      | Found Striucir's Distillery.
  2884 | D:4      | Found Ghonesun's Magical Wand Emporium.
  2907 | D:4      | Bought a potion of poison for 14 gold pieces
  2907 | D:4      | Bought a potion of paralysis for 14 gold pieces
  2907 | D:4      | Bought a potion of agility for 35 gold pieces
  2907 | D:4      | Bought a potion of poison for 14 gold pieces
  2907 | D:4      | Bought a potion of strong poison for 28 gold pieces
  2932 | D:4      | Found Wipt's Antique Weapon Shop.
  3122 | D:4      | Found Coza's Distillery.
  3122 | D:4      | Found Uruuskap's Magic Scroll Shoppe.
  3342 | D:4      | Found a glowing golden altar of the Shining One.
  3616 | D:5      | Entered Level 5 of the Dungeon
  3750 | D:5      | Found a staircase to the Ecumenical Temple.
  3758 | Temple   | Entered the Ecumenical Temple
  3921 | D:5      | Noticed MordorOrchid's ghost (average OpFE)
  4052 | D:5      | Killed MordorOrchid's ghost
  4052 | D:5      | Reached XP level 7. HP: 21/58 MP: 4/4
  5333 | D:5      | Gained mutation: Your mind is acute (Int +1).
  5334 | D:5      | Gained mutation: Your body is slowly deteriorating.
  5335 | D:5      | Gained mutation: Your body is deteriorating.
  5616 | D:5      | Found a bloodstained altar of Trog.
  5624 | D:5      | Became a worshipper of Trog the Wrathful
  5624 | D:5      | Acquired Trog's first power
  5624 | D:5      | Acquired Trog's second power
  5688 | D:6      | Noticed Sigmund
  5697 | D:6      | Killed Sigmund
  5697 | D:6      | Reached XP level 8. HP: 66/66 MP: 5/5
  5813 | D:6      | Noticed Eustachio
  5836 | D:6      | Killed Eustachio
  6229 | D:6      | Found a staircase to the Orcish Mines.
  6948 | D:7      | Noticed MordorOrchid's ghost (experienced OpFE)
  7429 | D:6      | Reached XP level 9. HP: 41/73 MP: 6/6
  8295 | D:7      | Killed MordorOrchid's ghost
  8299 | D:6      | Burnt to a crisp
